 Dungeon Crawl Stone Soup version 0.27-a0-1296-g8ece459b43 (webtiles) character file.

Game seed: 16707111105113652330

1179 Delamore the Spear-Bearer (level 8, -7/62 HPs)
             Began as a Formicid Fighter on June 16, 2021.
             Was a Priest of Yredelemnul.
             Mangled by a yak (14 damage)
             ... on level 6 of the Dungeon.
             The game lasted 00:05:38 (4960 turns).

Delamore the Spear-Bearer (Formicid Fighter)        Turns: 4960, Time: 00:05:39

Health: -7/62      AC:  8    Str: 23    XL:     8   Next: 69%
Magic:  8/8        EV:  8    Int:  8    God:    Yredelemnul [***...]
Gold:   279        SH:  9    Dex: 10    Spells: 7/7 levels left

rFire    + . .     SeeInvis +   k - +2 spear (freeze)
rCold    . . .     Faith    .   c - +0 kite shield
rNeg     . . .     Spirit   .   l - +2 ring mail {rF+}
rPois    .         Reflect  .   (helmet unavailable)
rElec    .         Harm     .   t - +0 cloak
rCorr    .         Rampage  .   (no gloves)
Will     .....                  (no boots)
Stlth    ..........             (no amulet)
HPRegen  0.20/turn              (no ring)
MPRegen  0.11/turn              (no ring)

@: mighty, flying
A: permanent stasis, dig shafts and tunnels, antennae 3, four strong arms
a: Dig, Shaft Self, Renounce Religion, Recall Undead Slaves, Injury Mirror,
Animate Dead


You were on level 6 of the Dungeon.
You worshipped Yredelemnul.
Yredelemnul was most pleased with you.
You visited 1 branch of the dungeon, and saw 6 of its levels.

You collected 301 gold pieces.
You spent 22 gold pieces at shops.

Inventory:

Hand Weapons
 a - a +0 trident
 k - a +2 spear of freezing (weapon)
Missiles
 x - 4 boomerangs
Armour
 b - a +0 scale mail
 c - a +0 kite shield (worn)
 l - a +2 ring mail of fire resistance (worn)
 t - a +0 cloak (worn)
Scrolls
 e - 2 scrolls of holy word {unknown}
 f - 2 scrolls of fear {unknown}
 g - 2 scrolls of fog
 i - 5 scrolls of teleportation {unknown}
 j - a scroll of summoning {unknown}
 m - 2 scrolls of blinking {unknown}
 q - 3 scrolls of magic mapping {unknown}
 r - 2 scrolls of identify {unknown}
 v - a scroll of amnesia {unknown}
 w - a scroll of noise {unknown}
Potions
 h - a potion of flight
 n - a potion of brilliance {unknown}
 o - a potion of resistance {unknown}
 p - a potion of lignification {unknown}
 s - a potion of haste {unknown}
 u - 2 potions of attraction {unknown}


   Skills:
 - Level 5.0 Fighting
 * Level 9.4 Polearms
 - Level 3.2 Armour
 - Level 3.6 Shields


You had 7 spell levels left.
You didn't know any spells.
Your spell library was empty.

Dungeon Overview and Level Annotations

Branches:
Dungeon (6/15)
 Temple: D:4-7

Altars:
Yredelemnul

Shops:
D:1 ?   D:3 [


Innate Abilities, Weirdness & Mutations

You cannot be hasted, slowed, berserked, paralysed or teleported.
You can dig through walls and to a lower floor.
You have a pair of large antennae on your head. (SInv)
Your four strong arms can wield two-handed weapons with a shield.


Message History

HP restored.
You climb upwards.
The yak gores you but does no damage.
You block the yak's attack. x2; The yak gores you.
The yak gores you but does no damage. The yak gores you!
The yak barely misses you.
There is a stone staircase leading down here.
The yak completely misses you. You block the yak's attack.
The yak barely misses you. You block the yak's attack.
You climb downwards.
There is a stone staircase leading up here.
You extend your mandibles.
You can't dig through that.
You feel very mighty all of a sudden. The yak gores you but does no damage.
You block the yak's attack. x2
You barely miss the yak. You block the yak's attack. x2
You hit the yak but do no damage. You block the yak's attack.
The yak barely misses you.
Your shield and ring mail prevent you from hitting the yak.
The yak gores you but does no damage. x2
You hit the yak. You freeze the yak.
The yak is lightly wounded.
You block the yak's attack. x3
You puncture the yak! You freeze the yak.
The yak is severely wounded.
You block the yak's attack. The yak gores you. The yak gores you!
You closely miss the yak.
The yak is severely wounded.
You block the yak's attack. The yak gores you! The yak gores you.
You puncture the yak! You freeze the yak.
The yak is almost dead.
The yak gores you!
* * * LOW HITPOINT WARNING * * *
The yak gores you.
* * * LOW HITPOINT WARNING * * *
You block the yak's attack.
It was a potion of flight.
You feel very buoyant.
You fly up into the air.
The yak gores you!
You die...
Your body rises from the dead as a mindless zombie.

#### ###.#####
....#
......YY####.....#
#@YY.......#
#####......#
......# ....###
#.#... .##### .#
+#


You could see 4 yaks.

Vanquished Creatures
  Sigmund (D:4)
  A yak (D:4)
  Duvessa (D:5)
  A black bear (D:5)
  3 lemures (D:5)
  3 phantoms
  Dowan (D:5)
  An orc priest (D:4)
  Crazy Yiuf (D:4)
  A bullfrog skeleton (D:4)
  A centaur skeleton (D:5)
  Natasha (thrice) (D:2)
  2 iguanas
  An orc wizard (D:4)
  8 adders
  A worm (D:3)
  A dart slug (D:4)
  3 orcs
  8 endoplasms
  11 giant cockroaches (D:2)
  5 goblins
  5 hobgoblins
  2 jackals (D:3)
  9 kobolds
  7 ball pythons
  7 bats
  A frilled lizard (D:1)
  5 rats
94 creatures vanquished.

Vanquished Creatures (others)
  An orc (D:4)
1 creature vanquished.

Grand Total: 95 creatures vanquished

Notes
Turn   | Place    | Note
-------+----------+-------------------------------------------
     0 | D:1      | Delamore the Formicid Fighter began the quest for the Orb.
     0 | D:1      | Reached XP level 1. HP: 18/18 MP: 1/1
    21 | D:1      | Found a faded altar of an unknown god.
    61 | D:1      | Became a worshipper of Yredelemnul the Dark
    61 | D:1      | Reached * piety under Yredelemnul
   178 | D:1      | Reached XP level 2. HP: 18/24 MP: 2/2
   396 | D:1      | Found Zaeqyb Lotu's Magic Scroll Boutique.
   407 | D:1      | Bought a scroll of fog for 22 gold pieces
   704 | D:2      | Reached skill level 3 in Polearms
   704 | D:2      | Reached XP level 3. HP: 30/30 MP: 3/3
   901 | D:2      | Reached ** piety under Yredelemnul
   976 | D:2      | Reached XP level 4. HP: 35/37 MP: 4/4
  1187 | D:2      | Noticed Natasha
  1199 | D:2      | Killed Natasha
  1202 | D:2      | Reached skill level 4 in Polearms
  1210 | D:2      | Noticed Natasha
  1220 | D:2      | Killed Natasha
  1221 | D:2      | Reached XP level 5. HP: 4/42 MP: 5/5
  1723 | D:2      | Noticed Natasha
  1733 | D:2      | Killed Natasha
  1979 | D:3      | Noticed a phantom
  2006 | D:3      | Killed a phantom
  2007 | D:3      | Reached skill level 5 in Polearms
  2007 | D:3      | Reached XP level 6. HP: 32/50 MP: 6/6
  2324 | D:3      | Found Kuami's Antique Armour Emporium.
  2486 | D:3      | Reached skill level 5 in Fighting
  2810 | D:4      | Reached XP level 7. HP: 54/56 MP: 7/7
  2861 | D:4      | Found a runed translucent door.
  2862 | D:4      | Noticed Crazy Yiuf
  2920 | D:4      | Reached skill level 6 in Polearms
  3122 | D:4      | Noticed Sigmund
  3169 | D:5      | Entered Level 5 of the Dungeon
  3195 | D:5      | Reached *** piety under Yredelemnul
  3557 | D:4      | Killed Sigmund
  3558 | D:4      | Reached skill level 7 in Polearms
  3778 | D:4      | Killed Crazy Yiuf
  3947 | D:5      | Noticed a yak
  3950 | D:5      | Noticed a yak
  3955 | D:5      | Noticed a yak
  3958 | D:5      | Noticed a yak
  3960 | D:5      | Noticed a yak
  3962 | D:5      | Noticed a yak
  4307 | D:4      | Killed a yak
  4308 | D:4      | Reached skill level 8 in Polearms
  4308 | D:4      | Reached XP level 8. HP: 54/62 MP: 8/8
  4370 | D:5      | Noticed Dowan
  4381 | D:5      | Noticed Duvessa
  4395 | D:5      | Killed Duvessa
  4397 | D:5      | Killed Dowan
  4717 | D:5      | Reached skill level 9 in Polearms
  4960 | D:6      | Mangled by a yak

Illustrated notes

Levels and vault maps discovered:
D:1:      lightli_arrival_statuegarden, layout_rooms,
          hellmonk_ecumenical_altar_zigzags, serial_shops, nicolae_shop_trees
D:2:      minmay_roachtagon, layout_loops_cross, uniq_natasha
D:3:      layout_rooms, serial_shops, shop
D:4:      layout_cave_pools, grunt_ministairs_13, lemuel_old_faithful,
          uniq_sigmund, uniq_crazy_yiuf_cottage
D:5:      layout_basic, uniq_duvessa, uniq_pikel, uniq_menkaure
D:6:      layout_loops_corners, lemuel_tele_altar,
          nicolae_qazlal_style_of_elements, uniq_grinder, uniq_eustachio

Skill      XL: |  1  2  3  4  5  6  7  8 |
---------------+-------------------------+-----
Polearms       | 3 4 5 8 9 |  9.4
Fighting       | 4 5 |  5.0
Armour         | |  3.2
Shields        | |  3.6

Action                   |  1- 3 |  4- 6 |  7- 9 || total
-------------------------+-------+-------+-------++-------
Melee: Trident           |    61 |       |       ||    61
       Spear             |    26 |   148 |   194 ||   368
 Abil: Dig               |       |     4 |    11 ||    15
  Use: Potion            |       |     2 |     2 ||     4
Armor: Scale mail        |    34 |    19 |       ||    53
       Ring mail         |       |    23 |    55 ||    78
Dodge: Dodged            |    27 |    37 |    53 ||   117
Block: Kite shield       |    40 |    48 |    97 ||   185

Table legend: (Time is in decaauts)
 A = Elapsed time spent in this place.
 B = Non-inter-level travel time spent in this place.
 C = Inter-level travel time spent in this place.
 D = Time resting spent in this place.
 E = Time spent auto-exploring this place.
 F = Levels seen in this place.
 G = Mean time per level.
                   A        B        C        D        E       F      G
               +--------+--------+--------+--------+--------+-----+--------+
         Total |   4980 |   4764 |    216 |   1246 |   2676 |   6 |  830.0 |
       Dungeon |   4980 |   4764 |    216 |   1246 |   2676 |   6 |  830.0 |
               +--------+--------+--------+--------+--------+-----+--------+

Top non-repeatable levels by time:
     D:4: 1336 daAuts
     D:2: 1229 daAuts
     D:5: 778 daAuts
     D:3: 737 daAuts
     D:1: 708 daAuts
     D:6: 190 daAuts
